 Dungeon Crawl Stone Soup version 0.18.1-1-g2f07953 (webtiles) character file.

9912 kspaans the Cleaver (level 11, -3/142 HPs)
             Began as a Minotaur Berserker on May 9, 2016.
             Was a High Priest of Trog.
             Slain by a nine-headed hydra (5 damage)
             ... on level 1 of the Lair of Beasts on May 10, 2016.
             The game lasted 01:29:59 (9490 turns).

kspaans the Cleaver (Minotaur Berserker)            Turns: 9490, Time: 01:30:02

Health: -3/142     AC: 25    Str: 23    XL:     11   Next: 29%
Magic:  10/10      EV:  2    Int:  4    God:    Trog [*****.]
Gold:   683        SH:  0    Dex: 12    Spells: 0 memorised, 10 levels left

rFire  . . .     SeeInvis .     u - +0 battleaxe
rCold  . . .     Gourm    .     (armour currently unavailable)
rNeg   + + +     Faith    .     (shield currently unavailable)
rPois  +         Spirit   .     (helmet currently unavailable)
rElec  .         Dismiss  .     (cloak currently unavailable)
rCorr  .         Reflect  .     (gloves currently unavailable)
SustAt +         Harm     .     (boots currently unavailable)
MR     .....     NoTele   +     (no amulet)
Stlth  +.........               (no ring)
                                E - ring of sustain attributes

@: confused, tree-form, not resistant to hostile enchantments, very unstealthy
A: (retaliatory headbutt), (horns 0)
a: Berserk, Trog's Hand, Brothers in Arms, Burn Spellbooks, Renounce Religion


You were on level 1 of the Lair of Beasts.
You worshipped Trog.
Trog was extremely pleased with you.
You were not hungry.
You were a tree.
You visited 2 branches of the dungeon, and saw 11 of its levels.

You collected 683 gold pieces.

Inventory:

Hand Weapons
 a - a +0 hand axe
 i - a +0 war axe
 u - a +0 battleaxe (weapon)
 y - a cursed +0 giant spiked club
Armour
 b - a +0 animal skin
 e - a +0 buckler
 g - a +0 robe
 h - a +0 chain mail
 D - a +0 pair of gloves (melded)
 T - a +0 plate armour (melded)
 U - a +0 plate armour
Rods
 G - a -2 iron rod (7/13)
   (You found it on level 7 of the Dungeon)
Jewellery
 E - a ring of sustain attributes (left branch)
Wands
 m - a wand of confusion (24/48)
 s - a wand of teleportation (0/9)
 B - a wand of random effects (33/48)
 N - a wand of iceblast (7/15)
 O - a wand of paralysis (9/24)
 P - a wand of flame (34/48)
Scrolls
 d - a scroll of enchant weapon {unknown}
 k - 4 scrolls of remove curse
 l - 2 scrolls of amnesia
 n - 2 scrolls of recharging
 o - 4 scrolls of random uselessness
 q - 2 scrolls of fog {unknown}
 r - a scroll of noise {unknown}
 x - a scroll of fear {unknown}
 A - a scroll of blinking
 K - 3 scrolls of magic mapping {unknown}
 R - a scroll of enchant armour {unknown}
Potions
 f - 3 potions of flight {unknown}
 j - a potion of agility
 t - 2 potions of ambrosia
 v - 3 potions of curing
 w - a potion of mutation {unknown}
 z - 2 potions of lignification
 C - a potion of resistance {unknown}
 L - a potion of cancellation {unknown}
 M - a potion of brilliance {unknown}
 Q - 2 potions of magic {unknown}
 S - a potion of cure mutation {unknown}
Comestibles
 c - a bread ration
 p - 9 fruits
 F - a beef jerky
 H - 11 royal jellies
 I - 3 meat rations
 J - 4 slices of pizza


   Skills:
 + Level 8.4 Fighting
 * Level 13.7 Axes
 * Level 12.9 Armour
 + Level 5.3 Dodging
 + Level 1.2 Stealth
 + Level 1.4 Shields


You had 10 spell levels left.
You didn't know any spells.

Dungeon Overview and Level Annotations

Branches:
Dungeon (10/15)            Temple (0/1) D:5            Lair (1/8) D:10
    Orc: D:9-12

Altars:
Ashenzari
Cheibriados
Fedhas
Okawaru
Ru
Sif Muna

Shops:
D:5 (   D:10 (


Innate Abilities, Weirdness & Mutations

((You reflexively headbutt those who attack you in melee.))
((You have a pair of horns on your head.))


Message History

* * * LOW HITPOINT WARNING * * *
The eight-headed hydra bites you but does no damage. x4
You cannot move. (Use ctrl+direction to attack without moving.)
You hack one of the eight-headed hydra's heads off!
The seven-headed hydra grows two more!
You slash the nine-headed hydra!
The nine-headed hydra is moderately wounded.
The nine-headed hydra bites you but does no damage. x2
The nine-headed hydra completely misses you.
The nine-headed hydra bites you but does no damage.
The nine-headed hydra bites you!
* * * LOW HITPOINT WARNING * * *
The nine-headed hydra bites you but does no damage. x4
You're too confused!
You hit the nine-headed hydra but do no damage.
The nine-headed hydra is moderately wounded.
The nine-headed hydra bites you but does no damage.
The nine-headed hydra bites you.
* * * LOW HITPOINT WARNING * * *
The nine-headed hydra bites you.
You die...

#####..###
#P.......#
##.#####.## #
#.P##....#..#
#.##.......... #
#...<.........
#..#..............
#......†..#.####...
#....[#.♣...# ...
#.......D....# ..
#..#..#...##.#
...###.##..# ## ...
..##..# .. ..# #...
#. ##.. .##


You could see a nine-headed hydra.

Vanquished Creatures
  Fannar (D:10)
  A fire dragon (D:10)
  Erolcha (D:8)
  Pikel (D:4)
  The ghost of tijit the Chopper, a novice GrGl of Okawaru (D:6)
  Psyche (D:8)
  A troll (D:6)
  Blork the orc (D:4)
  5 yaks (D:10)
  2 hungry ghosts
  Menkaure (D:7)
  A soldier ant (D:9)
  2 water moccasins
  2 orc warriors
  4 black bears
  A wasp (D:9)
  An ice beast (D:10)
  5 sky beasts
  5 ogres
  4 centaurs
  4 big kobolds
  4 giant frogs
  A wyvern zombie (D:8)
  4 scorpions
  5 killer bees (D:9)
  4 wights (D:10)
  An electric eel (D:10)
  A crimson imp (D:9)
  7 howler monkeys
  A lava snake (D:10)
  2 jellies
  A centaur skeleton (D:5)
  A giant frog skeleton (D:9)
  7 hounds
  4 orc priests
  Crazy Yiuf (D:7)
  9 orc wizards
  Terence (D:2)
  3 iguanas
  6 worker ants
  A hound skeleton (D:6)
  2 worker ant zombies
  2 howler monkey zombies
  9 adders
  4 gnolls (D:9)
  A river rat (Lair:1)
  3 shadow imps
  An ooze (D:1)
  2 adder zombies
  3 adder skeletons
  3 worms
  A dart slug (D:1)
  4 giant geckos
  33 orcs
  13 bats
  2 giant cockroaches
  3 goblins
  5 hobgoblins
  10 jackals
  3 quokkas
  4 ball pythons
  3 giant newts
  20 kobolds
  8 rats
248 creatures vanquished.

Vanquished Creatures (others)
  A slave (D:4)
  An orc wizard (D:4)
  An adder (D:4)
  3 orcs
  A fungus (D:7)
7 creatures vanquished.

Grand Total: 255 creatures vanquished

Notes
Turn   | Place    | Note
--------------------------------------------------------------
     0 | D:1      | kspaans the Minotaur Berserker began the quest for the Orb.
     0 | D:1      | Reached XP level 1. HP: 19/19 MP: 0/0
   222 | D:1      | Reached skill level 4 in Axes
   356 | D:1      | Reached XP level 2. HP: 23/27 MP: 1/1
   978 | D:2      | Reached XP level 3. HP: 33/33 MP: 2/2
  1026 | D:2      | Reached ** piety under Trog
  1200 | D:2      | Reached skill level 5 in Axes
  1200 | D:2      | Reached XP level 4. HP: 35/40 MP: 3/3
  1240 | D:2      | Noticed Terence
  1252 | D:2      | Killed Terence
  1429 | D:3      | Reached XP level 5. HP: 46/46 MP: 4/4
  1517 | D:3      | Reached *** piety under Trog
  2046 | D:4      | Noticed an ogre
  2191 | D:4      | Killed an ogre
  2191 | D:4      | Reached skill level 6 in Axes
  2191 | D:4      | Reached skill level 5 in Armour
  2191 | D:4      | Reached XP level 6. HP: 53/53 MP: 5/5
  2243 | D:4      | Noticed a slave
  2246 | D:4      | Noticed Pikel
  2253 | D:4      | Killed Pikel
  2253 | D:4      | Reached skill level 5 in Fighting
  2253 | D:4      | Reached skill level 7 in Axes
  2253 | D:4      | Reached skill level 1 in Shields
  2253 | D:4      | Reached XP level 7. HP: 61/61 MP: 6/6
  2289 | D:4      | Noticed Blork the orc
  2512 | D:4      | Killed Blork the orc
  2512 | D:4      | Reached XP level 8. HP: 70/70 MP: 7/7
  3128 | D:5      | Entered Level 5 of the Dungeon
  3163 | D:5      | Found an iron altar of Okawaru.
  3188 | D:5      | Reached skill level 8 in Axes
  3408 | D:5      | Found a staircase to the Ecumenical Temple.
  3534 | D:5      | Found Ilyacegg's Weapon Shop.
  3936 | D:6      | Noticed a troll
  3949 | D:6      | Killed a troll
  4134 | D:6      | Reached **** piety under Trog
  4179 | D:6      | Reached skill level 9 in Axes
  4333 | D:6      | Noticed tijit's ghost (novice GrGl)
  4348 | D:6      | Killed tijit's ghost
  4348 | D:6      | Reached XP level 9. HP: 78/78 MP: 8/8
  4752 | D:7      | Reached skill level 10 in Axes
  4813 | D:7      | Reached skill level 10 in Armour
  4997 | D:7      | Noticed Menkaure
  5013 | D:7      | Killed Menkaure
  5844 | D:7      | Noticed Crazy Yiuf
  5851 | D:7      | Killed Crazy Yiuf
  5872 | D:7      | Reached skill level 11 in Axes
  5951 | D:8      | Noticed Psyche
  5959 | D:8      | Paralysed by Psyche for 3 turns
  6143 | D:8      | Noticed Erolcha
  6154 | D:8      | Killed Erolcha
  6154 | D:8      | Reached XP level 10. HP: 86/86 MP: 9/9
  6205 | D:8      | Killed Psyche
  6329 | D:8      | Reached ***** piety under Trog
  6344 | D:8      | Found a deep blue altar of Sif Muna.
  6642 | D:8      | Reached skill level 12 in Axes
  6771 | D:8      | Found a snail-covered altar of Cheibriados.
  6773 | D:8      | Found a blossoming altar of Fedhas.
  6773 | D:8      | Found a sacrificial altar of Ru.
  6774 | D:8      | Found a shattered altar of Ashenzari.
  7022 | D:9      | Reached skill level 1 in Stealth
  7067 | D:9      | Reached skill level 5 in Dodging
  7836 | D:10     | Entered Level 10 of the Dungeon
  7885 | D:10     | Found Immif's Weapon Shoppe.
  7885 | D:10     | Noticed Fannar
  7904 | D:10     | Killed Fannar
  8231 | D:10     | Reached skill level 13 in Axes
  8231 | D:10     | Reached XP level 11. HP: 43/94 MP: 10/10
  8237 | D:10     | Received a gift from Trog
  8936 | D:10     | Found a staircase to the Lair.
  8994 | D:10     | Noticed a fire dragon
  9009 | D:10     | Killed a fire dragon
  9459 | Lair:1   | Entered Level 1 of the Lair of Beasts
  9475 | Lair:1   | Noticed a four-headed hydra
  9487 | Lair:1   | HP: 6/142 [eight-headed hydra (9)]
  9489 | Lair:1   | HP: 1/142 [nine-headed hydra (10)]
  9490 | Lair:1   | Slain by a nine-headed hydra

Skill      XL: |  1  2  3  4  5  6  7  8  9 10 |
---------------+-------------------------------+-----
Axes           | 4 5 6 7 9 11 13 | 13.7
Armour         | 3 5 6 7 9 11 12 | 12.9
Fighting       | 4 5 6 7 8 |  8.4
Dodging        | 3 4 5 |  5.3
Shields        | 1 |  1.4
Stealth        | 1 |  1.2

Action                   |  1- 3 |  4- 6 |  7- 9 | 10-12 || total
-------------------------+-------+-------+-------+-------++-------
Melee: Hand axe          |    99 |    25 |       |       ||   124
       Headbutt          |     9 |    18 |    43 |    50 ||   120
       War axe           |       |    57 |    10 |       ||    67
       Battleaxe         |       |       |   185 |   275 ||   460
Invok: Berserk           |       |     2 |     6 |     5 ||    13
       Burn Spellbooks   |       |       |     3 |     1 ||     4
Evoke: Wand              |       |       |       |     2 ||     2
       Rod               |       |       |       |     2 ||     2
  Use: Potion            |       |     1 |     2 |     5 ||     8
       Scroll            |       |       |       |     9 ||     9
  Eat: Meat ration       |     1 |       |     4 |     1 ||     6
       Bread ration      |       |     1 |       |     4 ||     5
       Pizza             |       |       |     1 |       ||     1
       Chunk             |       |       |     2 |     1 ||     3
       Fruit             |       |       |     1 |       ||     1
       Royal jelly       |       |       |       |     1 ||     1
       Beef jerky        |       |       |       |     1 ||     1
Armor: Animal skin       |     1 |       |       |       ||     1
       Chain mail        |    71 |    52 |   137 |   111 ||   371
       Skin              |       |       |     5 |    33 ||    38
       Plate armour      |       |       |       |    84 ||    84
Dodge: Dodged            |    47 |    33 |   119 |   149 ||   348
Block: Buckler           |    14 |    10 |       |       ||    24
